[Event "Late-Titled-Tuesday-Blitz-February-06-2024"]
[Site "Chess.com"]
[Date "2024.02.06"]
[Round "9"]
[White "DavidGavrilescu18"]
[Black "jinbojinbo"]
[Result "1-0"]
[WhiteElo "2781"]
[BlackElo "2624"]
[TimeControl "180+1"]
[EndTime "15:46:16 PST"]
[Termination "DavidGavrilescu18 won by resignation"]

1. e4 c5 2. Nf3 Nc6 3. Bb5 g6 4.
Bxc6 bxc6 5. O-O Bg7 6. Re1 Nf6 7. e5 Nd5 8. c4 Nc7 9. d4 cxd4 10. Qxd4 Ne6 11.
Qh4 d6 12. Bh6 Bxe5 13. Nxe5 dxe5 14. Nc3 f6 15. Rad1 Qb6 16. Rd2 Kf7 17. Ne4 Nd4 18. Ng3 Be6 19. b3 Rad8 20. Red1 a5 21. Be3 c5 22. f4 exf4 23. Qxf4 Nf5 24. Nxf5 Bxf5 25. Rd5 Be6 26. Bxc5 Rxd5 27. Rxd5 Qc6 28. Re5 Rd8 29. h4 Rd1+ 30. Kh2 Qd7 31. Be3 Ra1 32. Rxa5 Qd1 33.
Ra7 Qh1+ 34. Kg3 Qe1+ 35. Bf2 Qe2 36. Bc5 Qd3+ 37. Kh2 Bd7 38. Qe3 Qxe3 39. Bxe3 Ke6 40. Bc5 f5 41. Kg3 Rd1 42. b4 Rd3+ 43. Kf2 Kf6 44.
b5 e5 45. b6 Bc6 46. a4 Rd2+ 47. Ke1 Rb2 48. a5 Bxg2 49. a6 f4 50. b7 e4 51.
Ra8 Rb1+ 52. Kd2 e3+ 53. Kc3 e2 54. Bf2 Bxb7 55. axb7 Rxb7 56. Kd2 Rb2+ 57. Kd3 f3 58. Ra1 Kf5 59. c5 Kg4 60. c6 Rb8 61. c7 Rc8 62.
Rc1 Kh3 63. Ke3 Kg2 64. Rg1+ Kh2 65. Kxf3 Rxc7 66. Re1 Rf7+ 67. Ke3 h6 68. Rxe2 Re7+ 69. Kf3 Rxe2 70. Kxe2 Kh3 71. Kf3 g5 72. h5 g4+ 73.
Kf4 Kg2 74. Bh4 Kh3 75. Bg3 Kg2 76. Kxg4 Kf1 77. Bf4 Ke2 78. Bxh6 Kd3 79. Bg5 Ke4 80.
h6 1-0

[Event "Late-Titled-Tuesday-Blitz-February-06-2024"]
[Site "Chess.com"]
[Date "2024.02.06"]
[Round "9"]
[White "delqate"]
[Black "Escanor89"]
[Result "0-1"]
[WhiteElo "2364"]
[BlackElo "2524"]
[TimeControl "180+1"]
[EndTime "15:46:28 PST"]
[Termination "Escanor89 won on time"]

1. d4 Nf6 2. Bf4 e6 3. e3 Bd6 4.
Bg3 b6 5. Be2 Bb7 6. Bf3 Qc8 7.
Bxb7 Qxb7 8. Qf3 Qxf3 9. Nxf3 Nc6 10. a3 Bxg3 11. hxg3 d6 12. c4 a5 13. Nc3 h6 14.
Nb5 Kd7 15. Ke2 Na7 16. Nc3 Rhb8 17. b4 axb4 18. axb4 Nc6 19. b5 Na5 20. Kd3 Ra7 21.
Ra3 Ng4 22. Ke2 Rba8 23. Rha1 Kc8 24. Nd2 Kb8 25. f3 Nf6 26. Kd3 Nb7 27. Rxa7 Rxa7 28. Rxa7 Kxa7 29. Nde4 Nxe4 30. fxe4 Kb8 31. Ne2 Kc8 32. g4 Kd7 33. Nf4 Ke7 34. Nh3 Kf6 35.
Kc3 Nd8 36. Kd3 e5 37. c5 dxc5 38. dxc5 Nb7 39. c6 Nc5+ 40. Kc4 Nxe4 41. Kd5 Nc3+ 42. Kc4 Ne2 43. Nf2 Ke6 44. Nd3 Ng3 45. Nb4 Ne4 46. Na6 Nd6+ 47. Kb4 Ne8 48. e4 Kd6 49. Kc4 Nf6 50. Nb8 Nxe4 51. Nd7 Nf6 52. Nf8 Nxg4 53. Nd7 Nf6 54. Nb8 g5 55. Na6 h5 56. Nb4 g4 57.
Nc2 h4 58. Ne3 g3 59. Nf5+ Ke6 60. Nxh4 Ng4 61. Nf3 Ne3+ 62. Kd3 Nxg2 63. Ng5+ Kf5 64. Ne4 Nf4+ 65. Ke3 Nd5+ 66. Kd3 Ke6 67. Nxg3 f5 68.
Kc4 e4 69. Ne2 Ne3+ 70. Kd4 Nc2+ 71. Kc3 Ne3 72. Kd4 Ng4 73. Nf4+ Kd6 74. Nd5 e3 75. Nc3 f4 76. Ne4+ Ke6 77. Ng5+ Kf5 78. Nf3 e2 79.
Kd5 Ne3+ 0-1

[Event "Late-Titled-Tuesday-Blitz-February-06-2024"]
[Site "Chess.com"]
[Date "2024.02.06"]
[Round "9"]
[White "varunkrishnanchess"]
[Black "YouShallNotPass001"]
[Result "0-1"]
[WhiteElo "2620"]
[BlackElo "2490"]
[TimeControl "180+1"]
[EndTime "15:46:36 PST"]
[Termination "YouShallNotPass001 won by checkmate"]

1. d4 Nf6 2. c4 e6 3. Nf3 c5 4. Nc3 cxd4 5. Nxd4 a6 6. g3 Qc7 7. Bg2 d6 8. O-O Qxc4 9. Bg5 Nbd7 10. Rc1 Qb4 11.
Qd2 Be7 12. a3 Qb6 13. Na4 Qd8 14. Rc2 O-O 15. Rfc1 h6 16. Be3 d5 17. b4 b5 18. Nc6 Qe8 19. Nb6 Nxb6 20. Nxe7+ Qxe7 21. Bxb6 Nd7 22. Rc7 Qe8 23. Bd4 Qd8 24. Bb2 Nf6 25. e4 Nxe4 26. Qd4 Qf6 27. f3 Qxd4+ 28. Bxd4 Nd6 29. Bc5 Nc4 30. Bxf8 Kxf8 31. f4 Ke8 32. f5 Bd7 33. fxe6 fxe6 34. Rf1 Kd8 35. Rf8+ Kxc7 36. Rxa8 Nxa3 37. Rxa6 Nc2 38. Ra7+ Kd6 39. Ra8 Ke7 40.
Kf2 Nxb4 41. Rg8 Kf7 42. Rd8 Be8 43. Rb8 Nd3+ 44. Ke3 Ne5 45. Bf1 Nc4+ 46. Kd4 Bc6 47. Kc5 Be8 48. Rb7+ Kf6 49. Kd4 Bf7 50. Rb8 Nd6 51. Kc5 Ne4+ 52. Kd4 Nd2 53. Bxb5 Nf3+ 54. Ke3 Nxh2 55. Be2 h5 56. Rh8 Ng4+ 57. Bxg4 hxg4 58. Kf4 d4 59. Rd8 e5+ 60. Kxg4 Be6+ 61. Kf3 Bf5 62. Rd6+ Ke7 63. Rd5 Ke6 64. Rd8 g5 65. g4 e4+ 66.
Kg3 Bg6 67. Rxd4 Ke5 68. Ra4 Bf7 69. Kf2 Bd5 70. Rb4 Be6 71. Kg3 Bd5 72. Rb5 Kd4 73.
Rb4+ Bc4 74. Rb8 e3 75. Rd8+ Bd5 76. Re8 Kd3 77. Rd8 Ke4 78. Re8+ Kd3 79. Re5 Be4 80.
Rxg5 e2 81. Kf2 Kd2 82. Kg3 e1=Q+ 83. Kf4 Qe3+ 84. Ke5 Qxg5+ 85. Kxe4 Qxg4+ 86. Kd5 Qe2 87. Kd6 Qd3+ 88. Kc6 Ke3 89. Kc7 Qd4 90. Kb7 Ke4 91. Kb8 Qd5 92. Kc7 Ke5 93. Kb8 Qd6+ 94. Kb7 Ke6 95.
Kc8 Qe7 96. Kb8 Kd6 97. Ka8 Kc6 98. Kb8 Qb7# 0-1

[Event "Late-Titled-Tuesday-Blitz-February-06-2024"]
[Site "Chess.com"]
[Date "2024.02.06"]
[Round "9"]
[White "HajiyevKanan"]
[Black "Pelusiansky"]
[Result "0-1"]
[WhiteElo "2582"]
[BlackElo "2490"]
[TimeControl "180+1"]
[EndTime "15:46:39 PST"]
[Termination "Pelusiansky won by checkmate"]

1. d4 d5 2. Nf3 Nf6 3. c4 e6 4. cxd5 exd5 5. Nc3 c6 6. Qc2 g6 7. Bg5 Be7 8. e3 Bf5 9. Bd3 Bxd3 10. Qxd3 O-O 11.
O-O Re8 12. Rab1 a5 13. a3 Na6 14. Ne5 Nd7 15. Bf4 Nf8 16. Bg3 Ne6 17. f4 Ng7 18. Bf2 f6 19. Nf3 Qd7 20. Na4 Rad8 21. Qd2 Qc7 22.
Be1 b5 23. Nc3 b4 24. axb4 Nxb4 25. Rc1 Bd6 26. Bh4 Qe7 27. Ra1 Bc7 28. Rfe1 Nf5 29. Bf2 Nd6 30. h3 Nc4 31. Qe2 Qf7 32. g3 Re7 33. Na2 Rde8 34. Nxb4 axb4 35. Ra7 Qe6 36. b3 Na3 37. Kg2 Nb5 38. Rb7 Qc8 39. Rxb5 cxb5 40. Qxb5 Qe6 41. Qxb4 Bd6 42. Qb5 Rb8 43. Qd3 Reb7 44.
Rb1 Qe4 45. Qxe4 dxe4 46. Nd2 f5 47. Rc1 Bb4 48. Nc4 Rc7 49. Rb1 Bf8 50. Na3 Bxa3 51.
d5 Bd6 52. g4 Rcb7 53. Rd1 Rxb3 54. gxf5 gxf5 55. Bh4 Kf7 56. Bg5 Rxe3 57. Rc1 Rb2+ 58. Kh1 Rxh3+ 59. Kg1 Rg3+ 60. Kf1 Rg4 61. Ke1 Bxf4 62.
Bxf4 Rxf4 63. Rc7+ Kf6 64. Rxh7 Rb1+ 65. Kd2 e3+ 66.
Kxe3 Re4+ 67. Kd3 Rd1+ 68. Kc3 Rxd5 69. Rh6+ Ke5 70. Rh8 Re3+ 71. Kc4 Rd4+ 72. Kc5 Red3 73. Re8+ Kf4 74. Rf8 Rd5+ 75. Kc4 Rd8 76. Rf7 R3d7 77.
Rf6 Ke5 78. Rh6 f4 79. Rh5+ Ke4 80. Rh4 Ke3 81. Rh5 f3 82. Re5+ Kf4 83. Re6 Rd6 84.
Re7 R8d7 85. Re8 Rf6 86. Re1 f2 87. Rf1 Kf3 88. Kc3 Ke2 89. Rd1 Kxd1 90. Kb2 Ke2 91. Kc3 Rc6+ 92. Kb4 Rb7+ 93. Ka5 Rc8 94. Ka6 Rb2 95.
Ka7 Rc1 96. Ka6 Ra1# 0-1

[Event "Late-Titled-Tuesday-Blitz-February-06-2024"]
[Site "Chess.com"]
[Date "2024.02.06"]
[Round "9"]
[White "IMSlavin"]
[Black "GeorgiosSouleidis"]
[Result "1/2-1/2"]
[WhiteElo "2357"]
[BlackElo "2663"]
[TimeControl "180+1"]
[EndTime "15:46:41 PST"]
[Termination "Game drawn - insufficient material"]

1. e4 c5 2. g3 d5 3. exd5 Qxd5 4.
Qf3 Nf6 5. Nc3 Qd8 6. Bg2 Nc6 7.
Qd1 Bg4 8. Nge2 Nd4 9. O-O Qd7 10. d3 e6 11. Be3 Nxe2+ 12. Nxe2 Be7 13. Qd2 O-O 14. h3 Bf5 15. g4 Bg6 16. f4 Nd5 17. Bf2 f6 18. Ng3 Rac8 19. b3 Bd6 20. Ne2 Bf7 21. a3 Rfd8 22. Rae1 b6 23. a4 Re8 24.
Bg3 Qc7 25. Nc3 Nxc3 26. Qxc3 a6 27. Be4 b5 28. axb5 axb5 29. Qd2 c4 30. bxc4 bxc4 31. Qg2 cxd3 32. Bxd3 e5 33. fxe5 Bxe5 34. Bxe5 Rxe5 35. Rxe5 Qxe5 36. Qe4 Qc5+ 37. Kh2 Qd6+ 38. Kg1 g6 39. Qf3 Kg7 40. h4 Bd5 41. Qf4 Qxf4 42. Rxf4 Ba2 43. Kg2 Bb1 44. Rf2 Rc7 45. Kg3 h6 46. h5 g5 47. Re2 Kf7 48. Kf3 Ba2 49. Bg6+ Kg7 50. Re8 Bd5+ 51. Kf2 Bf7 52. Bxf7 Rxc2+ 53. Kf3 Kxf7 54.
Rh8 Rc3+ 55. Kg2 Kg7 56. Rd8 Rc7 57. Kg3 Rf7 58. Rd5 Ra7 59. Rf5 Kf7 60. Rc5 Ra3+ 61. Kg2 Ke6 62. Rc6+ Ke5 63. Rc5+ Kf4 64. Rc4+ Ke3 65.
Rb4 Ra6 66. Kg3 Rd6 67. Ra4 Kd3 68. Rb4 Ke3 69. Ra4 Ke2 70. Re4+ Kd3 71. Re8 Kd2 72. Rh8 Rd3+ 73. Kg2 Ke3 74. Rxh6 Kf4 75. Rxf6+ Kxg4 76. h6 Rd2+ 77. Kf1 Rd8 78. h7 Rh8 79. Rh6 Kf5 80. Kg2 g4 81. Kg3 Kg5 82. Rh2 Kg6 83.
Rh4 Rxh7 84. Rxh7 Kxh7 85. Kxg4 1/2-1/2

[Event "Late-Titled-Tuesday-Blitz-February-06-2024"]
[Site "Chess.com"]
[Date "2024.02.06"]
[Round "9"]
[White "Durarbayli"]
[Black "FaustinoOro"]
[Result "1-0"]
[WhiteElo "2923"]
[BlackElo "2778"]
[TimeControl "180+1"]
[EndTime "15:46:47 PST"]
[Termination "Durarbayli won by resignation"]

1. e4 e5 2. Nf3 Nc6 3. d4 exd4 4. Nxd4 Qf6 5. Ne2 Bb4+ 6. Nbc3 Nge7 7. a3 Ba5 8. h4 d6 9. Bg5 Qe6 10. b4 Bb6 11.
Nf4 Qe5 12. Qd2 h6 13. Nd3 Qe6 14. Be3 Bxe3 15. Qxe3 Qf6 16. Kd2 Ne5 17. Nf4 Ng4 18. Qg3 Qd4+ 19. Bd3 Qxf2+ 20. Qxf2 Nxf2 21. Rhf1 Nxd3 22. cxd3 c6 23. a4 g5 24. Nh5 Ng6 25. Nf6+ Ke7 26. h5 Nf4 27. g3 Ne6 28. Rf2 Ng7 29. Raf1 Be6 30. Ne2 Bh3 31. Rh1 Be6 32. Nd4 Ne8 33. Rhf1 Nc7 34. a5 c5 35. bxc5 dxc5 36. Nc2 b6 37. Kc3 Rhd8 38. Ne3 Nb5+ 39. Kd2 Nd4 40. Nfd5+ Kf8 41. Rf6 Kg7 42. Kc3 Ne2+ 43.
Kd2 Nxg3 44. Rg1 Nxh5 45. Rf2 Kg6 46. Rh2 Bxd5 47. Nxd5 Ng7 48. Nf4+ Kh7 49. Rxg5 Rd6 50. Rg3 Ne6 51. Nd5 Ng5 52. Rxg5 Rg6 53. Rf5 Kg7 54. Rhf2 Rf8 55. axb6 axb6 56. Nf6 b5 57. Nd7 Rd8 58. Rxf7+ Kg8 59. Re7 Rd6 60. Nf6+ Kf8 61. Nd5+ Kg8 62. Rg2+ Kh8 63. Rgg7 c4 64. Rh7+ Kg8 65. Reg7+ Kf8 66. Rc7 Kg8 67. Rhg7+ Kh8 68. Rh7+ Kg8 69. Rb7 cxd3 70.
Kxd3 Rg6 71. Rhc7 Rg1 72. Kd4 Rf8 73. Ne7+ Kh8 74. Nf5 Rd1+ 75. Ke3 Re1+ 76. Kf3 Rg1 77. Rh7+ Kg8 78. Rxh6 Rc8 79. Ne7+ Kg7 80. Nxc8+ Kxh6 81. Rxb5 Kg6 82. Nd6 Kf6 83. Nf5 Ke6 84. Nd4+ Kf6 85.
Rf5+ Kg6 86. Rd5 Rf1+ 87. Ke2 Ra1 88. Nf3 Kf6 89. Ke3 Ra3+ 90. Rd3 Ra2 91. Kf4 Ke6 92. Rb3 Ra3 93. Rxa3 1-0

[Event "Late-Titled-Tuesday-Blitz-February-06-2024"]
[Site "Chess.com"]
[Date "2024.02.06"]
[Round "9"]
[White "Karttunen"]
[Black "DonMicheleCorleone"]
[Result "0-1"]
[WhiteElo "2628"]
[BlackElo "2517"]
[TimeControl "180+1"]
[EndTime "15:47:05 PST"]
[Termination "DonMicheleCorleone won by resignation"]

1. e4 e6 2. d4 d5 3. Nc3 dxe4 4.
Nxe4 Nd7 5. Nf3 Ngf6 6. Nxf6+ Nxf6 7. c3 c5 8. Ne5 a6 9. Qa4+ Bd7 10. Nxd7 Nxd7 11.
Be3 Be7 12. dxc5 Qc7 13. b4 O-O 14. Rc1 b6 15. cxb6 Nxb6 16. Qa5 Rfb8 17. Be2 Qc6 18. Bxb6 Qxb6 19. Qxb6 Rxb6 20. O-O Kf8 21. a4 a5 22. b5 Rd8 23. Rfd1 Ke8 24. Rxd8+ Kxd8 25. Kf1 Kc7 26. Bd3 g6 27. Ke2 Bc5 28. f3 Rd6 29. g4 f5 30. gxf5 exf5 31. Bc4 f4 32. Bd3 Kb6 33. Rc2 h6 34. h3 g5 35. c4 Be3 36.
Be4 Kc5 37. Bd5 Rd7 38. Kd3 Re7 39. Re2 Rd7 40. Ke4 Rd6 41. Ke5 Bd4+ 42. Kf5 Rf6+ 43. Kg4 Be3 44. h4 gxh4 45. Kxh4 Kd4 46. Rb2 Kc3 47.
Rb1 Bb6 48. Kh5 Rd6 49. Re1 Be3 50. Re2 Kb4 51. Rb2+ Kxa4 52. Bc6 Bb6 53. Bd5 Ka3 54. Rb1 a4 55. Ra1+ Kb4 56. Rb1+ Kc3 57. Ra1 Kb4 58.
Rb1+ Kc3 59. Ra1 Kb3 60. Bg8 Bc5 61. Rb1+ Kc2 62. Ra1 a3 63. b6 Rxb6 64. Bh7+ Kb2 65. Rb1+ Kc3 66. Ra1 Rb2 67. Rc1+ Kb4 68. Bb1 Rh2+ 69. Kg6 Be3 70. Rd1 Rb2 71. Kxh6 a2 72. Bxa2 Rxa2 73. c5 Kxc5 74. Kg5 Rd2 75. Rb1 Rd5+ 76.
Kg4 Rd8 77. Rb7 Rg8+ 78. Kf5 Rf8+ 79. Ke4 Re8+ 80. Kf5 Kd4 81. Rd7+ Kc3 82. Rd6 Rf8+ 83. Ke4 Re8+ 84. Kf5 Rc8 85. Rd7 Rc5+ 86. Ke4 Rc4+ 87.
Kf5 Rd4 88. Ra7 Kd3 89. Ra3+ Ke2 90. Kg4 Rd3 91. Ra1 Rd2 92. Rh1 Kd3 93. Rh7 Rg2+ 94.
Kf5 Rg3 95. Rd7+ Ke2 96. Ke4 Rxf3 97. Ra7 Rf1 98. Ra2+ Bd2 99. Ra3 f3 100. Rxf3 Rxf3 0-1

[Event "Late-Titled-Tuesday-Blitz-February-06-2024"]
[Site "Chess.com"]
[Date "2024.02.06"]
[Round "9"]
[White "Felix-Rose"]
[Black "Iuckyducky"]
[Result "1/2-1/2"]
[WhiteElo "2381"]
[BlackElo "2275"]
[TimeControl "180+1"]
[EndTime "15:47:05 PST"]
[Termination "Game drawn by repetition"]

1. Nf3 Nf6 2. c4 e6 3. e3 d5 4.
Nc3 Be7 5. b3 O-O 6. Bb2 c5 7.
cxd5 exd5 8. d4 cxd4 9. Nxd4 Nc6 10. Be2 a6 11. O-O Ne5 12. Rc1 Be6 13. h3 Qd6 14. Rc2 Rfd8 15. Qa1 Nc6 16. Rd1 Nb4 17. Rcd2 Rac8 18.
Bf3 Nc6 19. Nde2 Qb4 20. Nxd5 Nxd5 21. Bxd5 Bf8 22. Bc3 Qh4 23. Bxe6 Rxd2 24. Bxf7+ Kxf7 25. Rxd2 Qh5 26. Nf4 Qf5 27. Rd5 Qc2 28. Rd2 Qe4 29. Rd7+ Kg8 30. Bxg7 Ne7 31. Bxf8 Rxf8 32. Rd4 Qf5 33.
Qd1 Qe5 34. Rd8 Rxd8 35. Qxd8+ Kf7 36. g3 Qa1+ 37. Kg2 Qxa2 38. Qd3 Qa5 39. Qxh7+ Ke8 40. Qh8+ Kd7 41. Qd4+ Ke8 42. h4 Qb5 43. b4 Nc6 44.
Qh8+ Kd7 45. Qg7+ Ne7 46. h5 Qxb4 47. Ng6 Qe4+ 48. Kh2 a5 49. Qf7 a4 50. h6 Qxg6 51.
Qf8 Qh7 52. Qf4 a3 53. Qa4+ b5 54. Qxb5+ Kd8 55. Qa5+ Kd7 56. Qxa3 Qxh6+ 57. Kg2 Qc6+ 58. Kg1 Qd6 59. Qa7+ Ke6 60. Qa2+ Nd5 61. Qe2 Qe5 62. Qg4+ Kd6 63. Qg8 Qa1+ 64. Kg2 Qe5 65. Qb8+ Nc7 66.
Qb4+ Kd7 67. Qa4+ Kd6 68. Qd1+ Ke6 69. Qf3 Nd5 70. g4 Nf6 71. Qc6+ Kf7 72. Qb7+ Kg6 73. Qb1+ Kg5 74. Qf5+ Qxf5 75. gxf5 Kxf5 76. Kf3 Nh5 77. e4+ Ke5 78. Ke3 Nf6 79. f4+ Ke6 80. Kd4 Nxe4 81. Kxe4 Kf6 82. f5 Kf7 83. Kf4 Kf6 84. Ke4 Kf7 85.
Ke5 Ke7 86. f6+ Kf7 87. Kf5 Kf8 88. Kg5 Kg8 89. Kh5 Kf7 90. Kg5 Kf8 91. Kg6 Kg8 92.
Kf5 Kf7 93. Ke5 Kf8 94. Kd6 Kf7 95. Ke5 Kf8 96. Ke6 Ke8 97. Kf5 Kf7 98. Kg5 Kf8 99. Kh6 Kf7 100. Kg5 1/2-1/2

[Event "Late-Titled-Tuesday-Blitz-February-06-2024"]
[Site "Chess.com"]
[Date "2024.02.06"]
[Round "9"]
[White "HaryKane"]
[Black "TheAlienParty"]
[Result "1/2-1/2"]
[WhiteElo "2559"]
[BlackElo "2406"]
[TimeControl "180+1"]
[EndTime "15:47:10 PST"]
[Termination "Game drawn by repetition"]

1. f4 Nf6 2. Nf3 g6 3. d3 d5 4. e3 Bg7 5. Be2 c5 6. O-O Nc6 7.
Qe1 O-O 8. Bd1 Bf5 9. Nbd2 Qb6 10. Kh1 Rad8 11. e4 dxe4 12. dxe4 Bc8 13. e5 Nd5 14. Ne4 c4 15. c3 Bf5 16. Nh4 Kh8 17. Nxf5 gxf5 18.
Ng5 h6 19. Qh4 Kg8 20. Nf3 Ne3 21. Bxe3 Qxe3 22. Bc2 e6 23. Rae1 Qb6 24. g4 Qxb2 25. Re2 Qxc3 26. gxf5 exf5 27. Rg2 f6 28. Qh5 fxe5 29.
Bxf5 Rd6 30. Rfg1 exf4 31. Rxg7+ Qxg7 32. Rxg7+ Kxg7 33. Qg4+ Kh8 34. Nh4 Rg8 35. Ng6+ Rgxg6 36. Bxg6 Ne7 37. Qxf4 Rxg6 38. Qxc4 Kg7 39. Qd4+ Kf7 40.
Qxa7 b6 41. Qb7 Rc6 42. Qd7 Rc1+ 43. Kg2 Rc2+ 44. Kf1 Rxh2 45. a4 Rh5 46. Ke2 Re5+ 47. Kf2 Re6 48. Qd8 Rc6 49. Qh8 Rf6+ 50. Ke1 Re6+ 51.
Kd2 Rd6+ 52. Kc2 Rc6+ 53. Kb3 Rg6 54. Qh7+ Ke6 55. Qh8 Kd7 56. Qd4+ Rd6 57. Qg4+ Kc7 58. Qh4 Kd7 59. Qh3+ Kc7 60. Ka3 Kd8 61. Qg3 Kd7 62. Qg4+ Kc7 63. Qg7 Kd7 64. Qh7 Re6 65. Kb4 Kc7 66. Kb3 Kc6 67. Qf7 Kd7 68. Qf3 h5 69. Qxh5 Kc7 70. Qh2+ Kd7 71. Qh3 Kc7 72. Qg3+ Kd7 73.
Qg2 Nc6 74. Qg7+ Re7 75. Qh8 Re3+ 76. Kb2 Re5 77. Qa8 Ra5 78. Qb7+ Kd6 79. Ka3 b5 80.
Qh7 Rxa4+ 81. Kb2 Rb4+ 82. Kc2 Rc4+ 83. Kd2 Rd4+ 84. Ke2 Rd5 85. Qh6+ Kc5 86. Qf8+ Kb6 87. Ke1 Re5+ 88. Kd2 Rd5+ 89. Kc2 b4 90. Kb3 Rc5 91.
Qg8 Rc3+ 92. Kb2 Na5 93. Qb8+ Nb7 94. Qf8 Rc5 95. Qf6+ Rc6 96. Qf2+ Nc5 97. Qd4 Kb5 98. Kb1 Ra6 99. Qd8 Ra3 100. Qb8+ Kc4 101. Qg8+ Kb5 102. Qe8+ Kc4 103. Qf7+ Kb5 104. Qe8+ Kc4 105. Qf7+ Kb5 106. Qe8+ 1/2-1/2

[Event "Late-Titled-Tuesday-Blitz-February-06-2024"]
[Site "Chess.com"]
[Date "2024.02.06"]
[Round "10"]
[White "carloseduar100"]
[Black "Onthequiet"]
[Result "1-0"]
[WhiteElo "2351"]
[BlackElo "2445"]
[TimeControl "180+1"]
[EndTime "15:50:14 PST"]
[Termination "carloseduar100 won by resignation"]

1. d4 Nf6 2. Bg5 Ne4 3. h4 c5 4. d5 Qa5+ 5. c3 h6 6. Bf4 d6 7. Nd2 Nxd2 8. Qxd2 Na6 9. Nf3 Nc7 10. e4 Bg4 11. Be2 Bxf3 12. Bxf3 O-O-O 13. b4 Qa3 14. Rb1 c4 15. Qe2 b5 16. O-O g5 17. Bc1 Qxa2 18. Qxa2 1-0

[Event "Late-Titled-Tuesday-Blitz-February-06-2024"]
[Site "Chess.com"]
[Date "2024.02.06"]
[Round "10"]
[White "Boninknights"]
[Black "DeArron_Fox"]
[Result "0-1"]
[WhiteElo "2345"]
[BlackElo "2498"]
[TimeControl "180+1"]
[EndTime "15:50:36 PST"]
[Termination "DeArron_Fox won by resignation"]

1. d4 d5 2. Nf3 Nf6 3. c4 e6 4.
Nc3 Be7 5. Bg5 O-O 6. e3 h6 7.
Bh4 b6 8. Rc1 Bb7 9. Bxf6 Bxf6 10. cxd5 exd5 11. b4 c6 12. Be2 a5 13. b5 c5 14. dxc5 bxc5 15. Na4 c4 16. Nd4 Nd7 17. Nc6 Bxc6 18. bxc6 Ne5 19. c7 Qxc7 20. Qxd5 Rad8 21. Qc5 Qd7 22. Qa3 Be7 23. Qc3 Bb4 0-1

[Event "Late-Titled-Tuesday-Blitz-February-06-2024"]
[Site "Chess.com"]
[Date "2024.02.06"]
[Round "10"]
[White "winniethepooh04"]
[Black "Gryffindorac8"]
[Result "1/2-1/2"]
[WhiteElo "2528"]
[BlackElo "2400"]
[TimeControl "180+1"]
[EndTime "15:51:11 PST"]
[Termination "Game drawn by agreement"]

1. d4 Nf6 2. Nf3 e6 3. Bf4 d5 4.
e3 c5 5. c3 Bd6 6. Bg3 O-O 7.
Nbd2 Qc7 8. Bd3 Nbd7 9. O-O e5 10. dxe5 Nxe5 11. Nxe5 Bxe5 12. Nf3 Bxg3 13. hxg3 Bg4 14.
Be2 Rad8 15. Qb3 b6 16. Rad1 Rfe8 17. Rfe1 h5 18. c4 Be6 19. cxd5 Bxd5 20. Bc4 Bxc4 21. Qxc4 Rxd1 22. Rxd1 Rd8 23. Qc2 Rd7 24. a3 Qd8 25.
Rxd7 Qxd7 26. Qd2 Qxd2 27. Nxd2 Kf8 28. Kf1 Ke7 29. Ke2 Kd6 30. Kd3 b5 31. b3 Ng4 32.
f3 Ne5+ 33. Kc3 a5 34. a4 1/2-1/2

[Event "Late-Titled-Tuesday-Blitz-February-06-2024"]
[Site "Chess.com"]
[Date "2024.02.06"]
[Round "10"]
[White "HansOnTwitch"]
[Black "grzechu96"]
[Result "1-0"]
[WhiteElo "3132"]
[BlackElo "2760"]
[TimeControl "180+1"]
[EndTime "15:51:26 PST"]
[Termination "HansOnTwitch won by checkmate"]

1. e4 e5 2. Nf3 Nc6 3. Bc4 Nf6 4.
d3 Bc5 5. O-O O-O 6. Bg5 h6 7.
Bh4 Be7 8. Nbd2 d6 9. c3 Nh5 10. Bxe7 Qxe7 11. Re1 Nf4 12. Nf1 Be6 13. Bb5 Qf6 14. Ng3 Ne7 15. d4 Neg6 16. Bf1 Bg4 17. h3 Nxh3+ 18. gxh3 Bxf3 19. Qd3 Nh4 20. Re3 Qf4 21. Be2 Bxe2 22. Qxe2 Rae8 23. Rd1 Re6 24. Qg4 Ng6 25. Nf5 Ne7 26. Qxg7# 1-0

[Event "Late-Titled-Tuesday-Blitz-February-06-2024"]
[Site "Chess.com"]
[Date "2024.02.06"]
[Round "10"]
[White "traviscottofficial"]
[Black "Englishman_18"]
[Result "1-0"]
[WhiteElo "2682"]
[BlackElo "2447"]
[TimeControl "180+1"]
[EndTime "15:51:40 PST"]
[Termination "traviscottofficial won by resignation"]

1. Nf3 Nf6 2. g3 g6 3. Bg2 Bg7 4. O-O O-O 5. c4 d5 6. cxd5 Nxd5 7. Nc3 c5 8. Nxd5 Qxd5 9. Qc2 Nc6 10. a3 Qd6 11. d3 Bd7 12. Rb1 b6 13. Bf4 e5 14. Bd2 Rad8 15. b4 cxb4 16. axb4 Bg4 17.
b5 Nd4 18. Nxd4 Qxd4 19. Rb4 Rc8 20. Qa4 Qd7 21. Rxg4 a6 22. Rb4 a5 23. Rc4 Rxc4 24. Qxc4 Rc8 25. Bc6 Qd6 26. Be3 Rb8 27. Bd5 Qe7 28. Rc1 1-0

[Event "Late-Titled-Tuesday-Blitz-February-06-2024"]
[Site "Chess.com"]
[Date "2024.02.06"]
[Round "10"]
[White "GHANDEEVAM2003"]
[Black "Zhigalko_Sergei"]
[Result "0-1"]
[WhiteElo "3032"]
[BlackElo "2958"]
[TimeControl "180+1"]
[EndTime "15:51:51 PST"]
[Termination "Zhigalko_Sergei won by resignation"]

1. c4 e5 2. d3 Nf6 3. Nf3 Nc6 4. a3 g6 5. Nc3 Bg7 6. e4 O-O 7. Be2 d6 8. h3 Nh5 9. Bg5 f6 10. Be3 Nf4 11. Bxf4 exf4 12. d4 f5 13. exf5 Bxf5 14.
O-O g5 15. Re1 Kh8 16. Nd5 g4 17. hxg4 Bxg4 18. Qd3 Bxf3 19. Bxf3 Nxd4 20. Be4 f3 21. Bxf3 Rxf3 22. gxf3 Qg5+ 23. Kf1 Qh5 24. Kg2 Rg8 0-1

[Event "Late-Titled-Tuesday-Blitz-February-06-2024"]
[Site "Chess.com"]
[Date "2024.02.06"]
[Round "10"]
[White "Nf3c5"]
[Black "semchik73"]
[Result "1-0"]
[WhiteElo "2574"]
[BlackElo "2431"]
[TimeControl "180+1"]
[EndTime "15:51:53 PST"]
[Termination "Nf3c5 won by resignation"]

1. d4 d5 2. Nf3 Nf6 3. Bg5 Ne4 4. Bh4 c5 5. e3 Qb6 6. Nc3 e6 7. Bb5+ Bd7 8. Bxd7+ Nxd7 9. O-O cxd4 10. Nxe4 dxe4 11. Nxd4 Bc5 12. Qg4 Bxd4 13. exd4 Qxd4 14. Rad1 Qe5 15. Bg3 f5 16. Qh5+ g6 17. Bxe5 gxh5 18. Bxh8 Nc5 19. b3 Ke7 20. Be5 Nd7 21. Bd6+ Kf7 22. c4 Nf6 23. f3 e3 24. Rfe1 Rd8 25. Rxe3 Ne8 26. Red3 1-0

[Event "Late-Titled-Tuesday-Blitz-February-06-2024"]
[Site "Chess.com"]
[Date "2024.02.06"]
[Round "10"]
[White "aghasiyevkamal"]
[Black "Laico"]
[Result "1-0"]
[WhiteElo "2596"]
[BlackElo "2366"]
[TimeControl "180+1"]
[EndTime "15:52:01 PST"]
[Termination "aghasiyevkamal won by resignation"]

1. d4 e6 2. c4 f5 3. g3 Nf6 4.
Bg2 Be7 5. Nc3 O-O 6. Nh3 Bb4 7. O-O Bxc3 8. bxc3 d6 9. c5 d5 10. Nf4 c6 11.
Qc2 Qe7 12. Nd3 Nbd7 13. Bf4 Nh5 14. Bd6 Qg5 15. Bxf8 Nxf8 16. c4 Nf6 17. Ne5 Qh5 18.
Rab1 N8d7 19. Nxd7 Nxd7 20. e4 fxe4 21. f3 exf3 22. Bxf3 Qg5 23. Rbe1 Nf6 24. Re5 Qh6 25. cxd5 exd5 26. Rfe1 Bg4 27. Bxg4 Nxg4 28. Re8+ Rxe8 29. Rxe8+ Kf7 30. Qe2 Qf6 31. Kg2 Nf2 32. Re3 1-0

[Event "Late-Titled-Tuesday-Blitz-February-06-2024"]
[Site "Chess.com"]
[Date "2024.02.06"]
[Round "10"]
[White "KaydenTroffChess"]
[Black "GMG"]
[Result "1-0"]
[WhiteElo "2843"]
[BlackElo "2683"]
[TimeControl "180+1"]
[EndTime "15:52:29 PST"]
[Termination "KaydenTroffChess won by resignation"]

1. d4 f5 2. Nf3 Nf6 3. Bg5 e6 4.
Bxf6 Qxf6 5. c4 b6 6. Nc3 Bb7 7. g3 Bxf3 8. exf3 Nc6 9. d5 Nd4 10. Bd3 h5 11. h4 f4 12. Ne4 Qe5 13. Kf1 fxg3 14. fxg3 Nf5 15. Qe2 Bc5 16. Kg2 Ne3+ 17. Kh2 Bd4 18. Rae1 exd5 19. cxd5 O-O-O 20. Qd2 Nxd5 21.
f4 Qe7 22. Ba6+ Kb8 23. Qxd4 1-0

[Event "Late-Titled-Tuesday-Blitz-February-06-2024"]
[Site "Chess.com"]
[Date "2024.02.06"]
[Round "10"]
[White "Zavgorodniy_Sergiy"]
[Black "tgpgoat"]
[Result "1-0"]
[WhiteElo "2598"]
[BlackElo "2474"]
[TimeControl "180+1"]
[EndTime "15:52:31 PST"]
[Termination "Zavgorodniy_Sergiy won by resignation"]

1. d4 Nf6 2. c4 c5 3. d5 b5 4. Nf3 bxc4 5. Nc3 d6 6. e4 g6 7. Bxc4 Bg7 8. e5 dxe5 9. Nxe5 O-O 10. O-O Bb7 11. Nxf7 Rxf7 12. d6 exd6 13. Bxf7+ Kxf7 14. Qb3+ Kf8 15. Qxb7 Nbd7 16. Bf4 Ne8 17. Rad1 Rb8 18.
Qxa7 Rxb2 19. Bxd6+ Nxd6 20. Rxd6 Bxc3 21. Rxd7 Qc8 22.
Rxh7 Qe6 23. Qa8+ Qe8 24. Qd5 Bd4 25. Rd7 Rb8 26. a4 Ra8 27. a5 Rb8 28. a6 Ra8 29. a7 Rc8 30. Rb1 Bf6 31. g3 Be7 32. Qe6 Rd8 1-0

[Event "Late-Titled-Tuesday-Blitz-February-06-2024"]
[Site "Chess.com"]
[Date "2024.02.06"]
[Round "10"]
[White "Zallio"]
[Black "Schattman"]
[Result "0-1"]
[WhiteElo "2158"]
[BlackElo "2389"]
[TimeControl "180+1"]
[EndTime "15:52:31 PST"]
[Termination "Schattman won by resignation"]

1. d4 d6 2. e4 Nf6 3. Nc3 g6 4. f4 Bg7 5. Nf3 Nc6 6. Be3 e5 7. Qd2 exd4 8. Nxd4 O-O 9. O-O-O Re8 10. Bd3 Ng4 11.
Nxc6 bxc6 12. Bg1 Rb8 13. h3 Nf6 14. Bxa7 Ra8 15. Bd4 c5 16. Bf2 Nd7 17. a3 Nb6 18.
Bb5 Bd7 19. Bxd7 Qxd7 20. Rhe1 Reb8 21. Qe2 Bxc3 22. bxc3 Rxa3 23. Bxc5 Ra1+ 24. Kb2 Nc4+ 0-1